 Dungeon Crawl Stone Soup version 0.19.0-1-g5985abe (webtiles) character file.

251079 Ladykiller69 the Fencer (level 20, 0/192 HPs)
             Began as a Formicid Fighter on Nov 1, 2016.
             Was a High Priest of Cheibriados.
             Killed from afar by a nagaraja (35 damage)
             ... with a bolt of poison
             ... on level 4 of the Snake Pit on Nov 2, 2016.
             The game lasted 03:36:29 (30152 turns).

Ladykiller69 the Fencer (Formicid Fighter)         Turns: 30152, Time: 03:36:30

Health: 0/192      AC: 25    Str: 44    XL:     20   Next: 92%
Magic:  20/28      EV: 35    Int: 29    God:    Cheibriados [*****.]
Gold:   4100       SH: 26    Dex: 29    Spells: 3 memorised, 11 levels left

rFire  + . .     SeeInvis +     c - +8 scimitar of Brutal Revenge {vamp, +Fly rElec Int+3}
rCold  + + .     Gourm    .     n - +2 plate armour {rC+}
rNeg   + . .     Faith    .     p - +0 large shield {rC+ rF+}
rPois  .         Spirit   .     (helmet unavailable)
rElec  +         Reflect  .     y - +1 cloak {MR+}
rCorr  .         Harm     .     C - +1 pair of gloves {archery}
MR     +++..                    S - +0 pair of boots of Distant Shores {rN+ Str+2} (curse)
Stlth  ..........               X - amulet of Vitality {Regen+ HP+15}
                                H - ring of Shaolin {EV+8}
                                (no ring)

@: agile, lethally poisoned (0 -> -5), studying Necromancy, very slow
A: permanent stasis, dig shafts and tunnels, four strong arms, antennae 3,
blurry vision 1, clever 1, low mp 1, mutation resistance 1, robust 1
a: Dig, Shaft Self, Bend Time, Temporal Distortion, Slouch, Step From Time,
Renounce Religion, Evoke Flight
}: 1/15 runes: decaying


You were on level 4 of the Snake Pit.
You worshipped Cheibriados.
Cheibriados was extremely pleased with you.
You were not hungry.

You visited 7 branches of the dungeon, and saw 35 of its levels.
You also visited: Labyrinth, Sewer, Ossuary and Bailey.

You collected 4514 gold pieces.
You spent 414 gold pieces at shops.

Inventory:

Hand Weapons
 b - a +2 triple sword of protection
 c - the +8 scimitar of Brutal Revenge (weapon) {vamp, +Fly rElec Int+3}
   (You found it on level 1 of the Lair of Beasts)

   It inflicts no extra harm, but heals its wielder when it wounds a living foe.
   It affects your intelligence (+3).
   It insulates you from electricity.
   It lets you fly.
 M - a +2 scimitar of flaming
Missiles
 o - 10 throwing nets
 E - 32 tomahawks of returning
 J - 32 tomahawks (quivered)
 V - 5 javelins of penetration
Armour
 n - a +2 plate armour of cold resistance (worn)
 p - a +0 large shield of resistance (worn)
 y - a +1 cloak of magic resistance (worn)
 C - a +1 pair of gloves of archery (worn)
 S - the cursed +0 pair of boots of Distant Shores (worn) {rN+ Str+2}
   (You bought it in a shop on level 2 of the Elven Halls)

   It affects your strength (+2).
   It protects you from negative energy.
   It has a curse placed upon it.
Magical Staves
 u - an uncursed staff of wizardry
Jewellery
 a - an uncursed ring of flight
 m - the ring "Waodd" {Ice +Inv MR+ MP-9}
   (You took it off a deep elf master archer on level 3 of the Elven Halls)

   [ring of ice]

   It enhances your ice magic.
   It makes you vulnerable to fire.
   It protects you from cold.
   It affects your resistance to hostile enchantments.
   It affects your magic capacity (-9).
   It lets you turn invisible.
 H - the ring of Shaolin (right hand) {EV+8}
   (You took it off a minotaur in a labyrinth)

   [ring of evasion]

   It affects your evasion (+8).
 W - the ring of Harheno {Wiz rPois MP+9 Int+3}
   (You took it off a deep elf blademaster on level 3 of the Elven Halls)

   [ring of wizardry]

   It improves your spell success rate.
   It affects your intelligence (+3).
   It protects you from poison.
   It affects your magic capacity (+9).
 X - the amulet of Vitality (around neck) {Regen+ HP+15}
   (You found it in a labyrinth)

   [amulet of regeneration]

   It affects your health (+15).
   It increases your rate of regeneration.
 Z - an uncursed ring of fire
Wands
 T - a wand of heal wounds (1/9)
Scrolls
 d - 5 scrolls of fog
 e - 2 scrolls of vulnerability
 i - 9 scrolls of identify
 l - 16 scrolls of remove curse
 w - 6 scrolls of fear
 z - a scroll of holy word
 F - 4 scrolls of magic mapping
 I - 2 scrolls of noise
 K - 2 scrolls of silence
 L - 3 scrolls of summoning
 N - 6 scrolls of amnesia
 P - a scroll of recharging
 Q - 3 scrolls of enchant weapon
 U - 5 scrolls of enchant armour
Potions
 g - a potion of ambrosia
 j - 3 potions of cancellation
 k - 9 potions of curing
 q - a potion of brilliance
 s - a potion of magic
 t - 4 potions of heal wounds
 v - 2 potions of might
 x - 4 potions of flight
 A - 2 potions of cure mutation
 D - 2 potions of resistance
 Y - 4 potions of lignification
Books
 B - a book of Party Tricks

   Spells                             Type                      Level
   a - Summon Butterflies             Summoning                    1
   b - Apportation                    Translocation                1
   c - Lesser Beckoning               Translocation                3
   d - Tukima's Dance                 Hexes                        3
   e - Alistair's Intoxication        Transmutation/Poison         5
   f - Invisibility                   Hexes                        6
 O - a manual of Necromancy
Miscellaneous
 G - a lamp of fire
 R - 3 phantom mirrors
Comestibles
 f - 9 bread rations
 h - 12 meat rations


   Skills:
 + Level 14.8 Fighting
 * Level 19.5 Long Blades
 + Level 14.6 Armour
 + Level 12.4 Dodging
 - Level 15.0 Shields
 + Level 15.4 Invocations


You had 11 spell levels left.
You knew the following spells:

 Your Spells              Type           Power        Failure   Level  Hunger
a - Apportation           Tloc           #.........   34%         1    ##.....
b - Statue Form           Tmut/Erth      #........    100%        6    #######
c - Summon Butterflies    Summ           #.......     34%         1    ##.....


Dungeon Overview and Level Annotations

Branches:
Dungeon (15/15)            Temple (1/1) D:5            Lair (6/6) D:8
  Swamp (4/4) Lair:3        Snake (4/4) Lair:4        Slime (0/5) Lair:6
    Orc (2/2) D:9             Elf (3/3) Orc:2        Vaults (0/5) D:13
 Depths: D:15

Altars:
Ashenzari
Cheibriados
Dithmenos
Elyvilon
Fedhas
Gozag
Hepliaklqana
Kikubaaqudgha
Makhleb
Nemelex Xobeh
Okawaru
Qazlal
Ru
Sif Muna
Trog
Uskayaw
Vehumet
Xom
Yredelemnul
Zin
The Shining One
Beogh

Shops:
Orc:2 ??!%   Elf:1 (   Elf:2 **:(?

Portals:
Trove: D:10 (give 3 potions of resistance)

Annotations:
D:10 Erolcha
D:11 Fannar, Snorg
D:13 Rock->loot
Snake:4 Vashnia


Innate Abilities, Weirdness & Mutations

You are under a permanent stasis effect.
You can dig through walls and to a lower floor.
Your four strong arms can wield two-handed weapons with a shield.
You have a pair of large antennae on your head. (SInv)
Scrolls take you a little longer to read.
Your mind is acute. (Int +2)
Your magical capacity is low. (-10% MP)
You are somewhat resistant to further mutation.
You are robust. (+10% HP)


Message History

You block the black mamba's attack.
Your naga mage gestures wildly while chanting.
The nagaraja closely misses you.
The naga sharpshooter gestures wildly while chanting.
The naga sharpshooter magically shoots an arrow.
You block the arrow. You block the naga warrior's attack.
The naga warrior completely misses you.
You begin reading the scroll.
You continue reading the scroll.
You feel sick.
* * * LOW HITPOINT WARNING * * *
You are more poisoned.
The naga ritualist's toxic aura wanes.
You block the black mamba's attack.
The nagaraja hits you but does no damage.
Your naga mage spits poison at the naga.
The splash of poison hits the naga.
The naga is poisoned.
The nagaraja casts a spell at you.
The bolt of poison hits the naga warrior.
The bolt of poison hits you!
You are more poisoned.
You die...

....#)# {.{....{..{...
....#.# { ...#........
...##.##..... ......#....
...#..##..... .......#..
'###..##..... ........$
......# #.... ###)..⌠....
♣.....# #.... ##(NN..N..#.
..♣...# #...N##(NNNN......
♣♣♣♣..# #..NN)N@#N....#..
≈♣≈P..# #...)#)NS........
.≈≈...# ###..#)N[...(....
..≈♣..# ####..N........
♣♣♣♣..############N..##...
♣♣##......................
♣..'......................
####......................
..........................


You could see Vashnia, 4 naga warriors, 2 nagarajas, 2 naga sharpshooters, a
naga ritualist, a black mamba, 3 naga magi, a naga and a friendly naga mage.

Vanquished Creatures
  the Lernaean hydra (Swamp:4)
  Nikola (Elf:1)
  Jorgrun (Snake:4)
  3 deep elf blademasters
  2 deep elf master archers (Elf:3)
  Gastronok (D:8)
  2 thorn hunters
  A storm dragon (Elf:1)
  Kirke (Elf:1)
  5 nagarajas
  4 deep elf sorcerers (Elf:3)
  7 deep elf elementalists
  2 entropy weavers (Lair:4)
  A deep elf demonologist (Elf:3)
  A deep elf annihilator (Elf:3)
  4 deep elf death magi (Elf:3)
  Josephine (D:10)
  A minotaur (Lab)
  Harold (Lair:2)
  2 deep elf high priests (Elf:3)
  4 vault guards
  17 hydras
  An ice dragon (Lair:6)
  9 naga warriors
  Erica (D:8)
  A catoblepas (shapeshifter) (Elf:3)
  3 centaur warriors
  A catoblepas (Lair:5)
  A queen ant (Lair:4)
  3 tengu warriors
  7 anacondas
  25 dancing weapons
  11 alligators
  5 orc high priests (Orc:2)
  A death yak (Lair:5)
  8 naga sharpshooters
  5 shock serpents
  3 spriggans
  3 salamander mystics
  18 deep elf knights
  Sonja (D:10)
  3 sea snakes (Snake:4)
  2 naga ritualists
  3 skeletal warriors (D:15)
  3 spriggan druids
  3 unseen horrors
  2 shambling mangroves (Swamp:2)
  Pikel (D:6)
  12 deep elf archers
  13 swamp dragons
  3 hill giants
  8 orc knights
  A lindwurm (Lair:6)
  A wolf spider (Lair:6)
  68 deep elf magi
  4 orc sorcerers
  4 mana vipers
  9 salamanders
  A manticore (Lair:6)
  8 ugly things
  2 cyclopes
  3 guardian serpents
  4 elephants
  10 naga magi
  Maurice (D:12)
  22 spiny frogs
  41 black mambas
  6 torpor snails (Lair:6)
  A gargoyle (D:12)
  A spiny frog (shapeshifter) (Elf:1)
  Psyche (D:8)
  An efreet (D:14)
  4 rime drakes
  4 komodo dragons
  A redback zombie (D:13)
  A meliai (shapeshifter) (Elf:1)
  3 meliai (D:14)
  28 blink frogs
  22 hornets
  2 trolls (D:9)
  A slime creature (shapeshifter) (Elf:2)
  7 polar bears
  9 tyrant leeches
  A wind drake (shapeshifter) (D:13)
  2 two-headed ogres
  A minotaur skeleton (Lab)
  8 hippogriffs
  A meliai zombie (D:12)
  11 bog bodies
  6 slime creatures (D:12)
  2 water elementals (Elf:1)
  8 wyverns
  A vampire (D:15)
  7 shadows
  11 air elementals
  4 wraiths (D:10)
  A golden eye (shapeshifter) (Elf:1)
  3 hogs (Elf:1)
  2 basilisks
  4 fire elementals
  27 yaks
  A hog (shapeshifter) (D:13)
  6 hungry ghosts
  10 vampire mosquitoes
  21 nagas
  3 wargs (D:8)
  15 swamp worms
  6 soldier ants
  20 water moccasins
  5 porcupines
  14 swamp drakes
  4 ice beasts
  Purgy (Sewer)
  35 orc warriors
  A hornet zombie (D:13)
  5 black bears (Lair:2)
  6 sky beasts
  4 ogres
  2 necrophages (Swamp:2)
  22 centaurs
  33 wolves
  5 crocodiles
  10 bullfrogs
  3 earth elementals
  A wyvern zombie (D:9)
  5 scorpions
  2 wyvern skeletons
  A killer bee (D:13)
  A spriggan skeleton (Lab)
  3 wights (D:11)
  2 electric eels (Snake:4)
  3 howler monkeys (D:8)
  2 bullfrog zombies
  4 centaur zombies
  A human zombie (Ossuary)
  5 quasits
  A crimson imp (D:12)
  5 hounds
  35 orc priests
  5 jellies
  A gnoll shaman (D:9)
  2 bullfrog skeletons
  3 iguanas
  Natasha (thrice) (D:2)
  24 orc wizards
  15 worker ants
  A big kobold zombie (Ossuary)
  A hound skeleton (D:8)
  3 mummies
  4 gnolls (D:9)
  20 adders
  3 river rats
  5 shadow imps
  4 oozes
  3 worms
  4 dart slugs
  8 leopard geckos
  89 orcs
  6 ball pythons
  8 bats
  4 giant cockroaches
  9 goblins
  5 hobgoblins
  6 jackals
  4 quokkas
  4 frilled lizards
  A giant cockroach zombie (D:7)
  4 goblin zombies (Ossuary)
  5 hobgoblin zombies (Ossuary)
  3 jackal zombies
  16 kobolds
  4 kobold zombies (Ossuary)
  17 orc zombies (Ossuary)
  10 rats
  2 rat zombies (Ossuary)
  3 briar patches (Swamp:3)
  A fungus (Lair:3)
  A plant (Lair:6)
1208 creatures vanquished.

Vanquished Creatures (collateral kills)
  A naga warrior (Snake:4)
  A naga sharpshooter (Snake:4)
2 creatures vanquished.

Vanquished Creatures (others)
  2 deep elf archers (Elf:1)
  A deep elf mage (Elf:2)
  2 humans (Elf:1)
  2 yaks (D:14)
  An ice beast (D:6)
  A crocodile (Lair:6)
  A bat (D:4)
  A jackal (D:4)
  A leopard gecko zombie (D:6)
  A bush (Lair:6)
  16 fungi (Lair:6)
  32 plants
  12 withered plants (Swamp:2)
73 creatures vanquished.

Grand Total: 1283 creatures vanquished

Notes
Turn   | Place    | Note
-------+----------+-------------------------------------------
     0 | D:1      | Ladykiller69 the Formicid Fighter began the quest for the Orb.
     0 | D:1      | Reached XP level 1. HP: 18/18 MP: 1/1
    92 | D:1      | Reached XP level 2. HP: 21/24 MP: 2/2
   245 | D:1      | Reached XP level 3. HP: 29/29 MP: 3/3
   898 | D:2      | Noticed Natasha
   912 | D:2      | Killed Natasha
   912 | D:2      | Reached XP level 4. HP: 28/36 MP: 4/4
   948 | D:2      | Noticed Natasha
   961 | D:2      | Reached skill level 3 in Long Blades
   964 | D:2      | Killed Natasha
  1120 | D:2      | Reached XP level 5. HP: 42/42 MP: 5/5
  1126 | D:2      | Noticed Natasha
  1140 | D:2      | Killed Natasha
  2190 | D:3      | Reached skill level 4 in Long Blades
  2192 | D:3      | Reached XP level 6. HP: 12/48 MP: 6/6
  2528 | D:3      | Found an opulent altar of Gozag.
  2790 | D:4      | Reached skill level 5 in Shields
  2906 | D:4      | Reached skill level 5 in Long Blades
  2906 | D:4      | Reached XP level 7. HP: 10/54 MP: 7/7
  3107 | D:4      | Found a sand-covered staircase.
  3113 | Ossuary  | Entered an ossuary
  3848 | D:4      | Reached skill level 6 in Long Blades
  4129 | D:4      | Reached XP level 8. HP: 55/60 MP: 8/8
  4565 | D:4      | You fall through a shaft!
  4565 | D:5      | Entered Level 5 of the Dungeon
  4688 | D:5      | Found a glowing drain.
  4714 | Sewer    | Entered a sewer
  4775 | Sewer    | Noticed Purgy
  4798 | Sewer    | Killed Purgy
  4964 | D:5      | Found a blossoming altar of Fedhas.
  4984 | D:5      | Reached skill level 7 in Long Blades
  5260 | D:5      | Found a staircase to the Ecumenical Temple.
  5274 | Temple   | Entered the Ecumenical Temple
  5350 | Temple   | Became a worshipper of Cheibriados the Contemplative
  5428 | D:5      | Found a shadowy altar of Dithmenos.
  5721 | D:6      | Noticed Pikel
  5755 | D:6      | Killed Pikel
  5755 | D:6      | Reached skill level 8 in Long Blades
  5755 | D:6      | Reached XP level 9. HP: 43/65 MP: 9/9
  6074 | D:6      | Found a stormy altar of Qazlal.
  6537 | D:7      | Reached * piety under Cheibriados
  6537 | D:7      | Reached skill level 1 in Invocations
  6549 | D:7      | Got a colourful robe
  6560 | D:7      | Identified the +1 robe of the Hunter {rElec rPois Dex+2} (You found it on level 7 of the Dungeon)
  6660 | D:7      | Reached skill level 1 in Dodging
  7055 | D:7      | Reached skill level 10 in Shields
  7279 | D:7      | Reached XP level 10. HP: 69/73 MP: 11/11
  7290 | D:7      | Reached ** piety under Cheibriados
  7431 | D:7      | Reached skill level 9 in Long Blades
  7608 | D:7      | Reached skill level 5 in Fighting
  7878 | D:8      | Noticed Psyche
  7885 | D:8      | Killed Psyche
  7885 | D:8      | Reached skill level 5 in Armour
  7925 | D:8      | Noticed Gastronok
  7940 | D:8      | You fall through a shaft for 2 floors!
  7940 | D:10     | Entered Level 10 of the Dungeon
  8153 | D:10     | Found a flagged portal.
  8172 | Bailey   | Entered a bailey
  8460 | Bailey   | Noticed an orc knight
  8479 | D:10     | You fall through a shaft!
  8909 | D:11     | Noticed a hill giant
  8919 | D:11     | You fall through a shaft for 2 floors!
  9089 | D:12     | Reached *** piety under Cheibriados
  9091 | D:12     | Noticed an unseen horror
  9114 | D:12     | Killed an unseen horror
  9266 | D:12     | Noticed an unseen horror
  9272 | D:12     | Killed an unseen horror
  9272 | D:12     | Reached XP level 11. HP: 70/81 MP: 12/14
  9350 | D:12     | Reached skill level 10 in Long Blades
  9647 | D:12     | Noticed a green ugly thing
  9659 | D:12     | Killed a green ugly thing
  9771 | D:12     | Noticed a white ugly thing
  9781 | D:12     | Killed a white ugly thing
  9781 | D:12     | Reached skill level 5 in Invocations
 10256 | D:11     | Noticed Snorg
 10260 | D:11     | Noticed Fannar
 10263 | D:11     | You fall through a shaft for 2 floors!
 10467 | D:13     | Reached **** piety under Cheibriados
 10695 | D:12     | Got a brightly glowing morningstar
 10717 | D:12     | Noticed Maurice
 10731 | D:12     | Killed Maurice
 10856 | D:10     | Noticed an unseen horror
 10866 | D:10     | Killed an unseen horror
 10968 | D:10     | Found a portal to a secret trove of treasure.
 11092 | D:10     | Noticed Erolcha
 11094 | D:10     | You fall through a shaft for 2 floors!
 11171 | D:12     | Noticed a hill giant
 11176 | D:11     | Noticed a hill giant
 11179 | D:11     | You fall through a shaft for 3 floors!
 11179 | D:14     | Found an opulent altar of Gozag.
 11179 | D:14     | Noticed a centaur warrior
 11194 | D:14     | Killed a centaur warrior
 11194 | D:14     | Reached XP level 12. HP: 35/89 MP: 12/16
 11236 | D:14     | Noticed a centaur warrior
 11248 | D:14     | Killed a centaur warrior
 11249 | D:14     | Noticed a tengu warrior
 11251 | D:14     | You fall through a shaft!
 11251 | D:15     | Entered Level 15 of the Dungeon
 11251 | D:15     | Noticed a skeletal warrior
 11251 | D:15     | Noticed a skeletal warrior
 11251 | D:15     | Noticed a skeletal warrior
 11251 | D:15     | Noticed a tengu warrior
 11259 | D:15     | Gained mutation: Your mind is acute. (Int +2) [potion of mutation]
 11259 | D:15     | Gained mutation: Scrolls take you a little longer to read. [potion of mutation]
 11259 | D:15     | Gained mutation: Your magical capacity is low. (-10% MP) [potion of mutation]
 11276 | D:15     | Killed a skeletal warrior
 11276 | D:15     | Reached skill level 11 in Long Blades
 11291 | D:15     | Killed a tengu warrior
 11298 | D:15     | Killed a skeletal warrior
 11324 | D:15     | Killed a skeletal warrior
 11342 | D:15     | Reached skill level 5 in Dodging
 12199 | D:13     | Noticed a vault guard
 12199 | D:13     | Noticed a vault guard
 12199 | D:13     | Found a gate to the Vaults.
 12199 | D:13     | Noticed a vault guard
 12199 | D:13     | Noticed a vault guard
 12225 | D:13     | Killed a vault guard
 12225 | D:13     | Reached XP level 13. HP: 72/98 MP: 10/16
 12227 | D:13     | Noticed a centaur warrior
 12242 | D:14     | Killed a vault guard
 12263 | D:14     | Killed a vault guard
 12574 | D:14     | Reached skill level 12 in Long Blades
 12734 | D:14     | Killed a vault guard
 12798 | D:13     | Killed a centaur warrior
 12929 | D:13     | Noticed a yaktaur captain
 12930 | D:13     | Noticed a sphinx
 13408 | D:10     | Noticed Josephine
 13428 | D:10     | HP: 2/99 [Josephine/ghostly fireball (16)]
 13431 | D:10     | Killed Josephine
 13844 | D:10     | Noticed Sonja
 13854 | D:10     | Killed Sonja
 14475 | D:9      | Found a staircase to the Orcish Mines.
 14509 | D:9      | Reached ***** piety under Cheibriados
 14550 | D:9      | Found a roughly hewn altar of Beogh.
 14577 | D:8      | Found an iron altar of Okawaru.
 14604 | D:8      | Noticed Erica
 14614 | D:8      | Killed Erica
 14902 | D:8      | Killed Gastronok
 14902 | D:8      | Reached XP level 14. HP: 79/106 MP: 15/18
 14979 | D:8      | Found a staircase to the Lair.
 15017 | Lair:1   | Entered Level 1 of the Lair of Beasts
 15222 | Lair:1   | Reached skill level 13 in Long Blades
 15314 | Lair:1   | Got an iridescent scimitar
 15318 | Lair:1   | Identified the +8 scimitar of Brutal Revenge {vamp, +Fly rElec Int+3} (You found it on level 1 of the Lair of Beasts)
 15726 | Lair:2   | Found a labyrinth entrance.
 15735 | Lab      | Entered a labyrinth
 16220 | Lab      | Got a faintly humming scale mail
 16226 | Lab      | Identified the +4 scale mail of the Abyss {rF+} (You found it in a labyrinth)
 16252 | Lair:2   | Noticed Harold
 16271 | Lair:2   | Killed Harold
 16497 | Lair:2   | Gained mutation: You are robust. (+10% HP) [potion of beneficial mutation]
 16498 | Lair:2   | Gained mutation: You are somewhat resistant to further mutation. [potion of beneficial mutation]
 16722 | Lair:2   | Reached ****** piety under Cheibriados
 16903 | Lair:3   | Reached skill level 15 in Shields
 17277 | Lair:3   | Found a staircase to the Swamp.
 17416 | Lair:4   | Reached skill level 10 in Invocations
 17483 | Lair:4   | Noticed an entropy weaver
 17488 | Lair:4   | Reached XP level 15. HP: 126/126 MP: 20/20
 17525 | Lair:4   | Reached skill level 10 in Fighting
 17525 | Lair:4   | Reached skill level 14 in Long Blades
 17701 | Lair:4   | Reached skill level 10 in Armour
 17823 | Lair:4   | Found a staircase to the Snake Pit.
 18671 | Lair:6   | Entered Level 6 of the Lair of Beasts
 18757 | Lair:6   | Found a runed door.
 19159 | Lair:6   | Found a staircase to the Slime Pits.
 19183 | Lair:6   | Reached XP level 16. HP: 136/136 MP: 21/21
 19359 | Lair:6   | Reached skill level 15 in Long Blades
 20100 | Orc:1    | Entered Level 1 of the Orcish Mines
 20255 | Orc:2    | Entered Level 2 of the Orcish Mines
 20255 | Orc:2    | Found a staircase to the Elven Halls.
 20919 | Orc:2    | Found Vipsilyvo's Food Shoppe.
 20919 | Orc:2    | Found Benlosh's Distillery.
 20920 | Orc:2    | Found Cywosaof's Magic Scroll Emporium.
 20920 | Orc:2    | Found Jimiufol's Magic Scroll Shoppe.
 20928 | Orc:2    | Bought a scroll of holy word for 90 gold pieces
 20928 | Orc:2    | Bought a scroll of magic mapping for 42 gold pieces
 20940 | Orc:2    | Bought a potion of heal wounds for 80 gold pieces
 20996 | Elf:1    | Entered Level 1 of the Elven Halls
 21132 | Elf:1    | Found Ixko Nyff's Antique Weapon Boutique.
 21274 | Elf:1    | Noticed a storm dragon
 21291 | Elf:1    | Killed a storm dragon
 21343 | Elf:1    | Identified Raoc's Tome of the Escort and Good Luck
 21525 | Elf:1    | Reached XP level 17. HP: 146/146 MP: 23/23
 21837 | Elf:1    | Reached skill level 16 in Long Blades
 21896 | Elf:1    | Noticed Nikola
 21932 | Elf:1    | Killed Nikola
 22064 | Elf:1    | Noticed Kirke
 22072 | Elf:1    | Killed Kirke
 22200 | Elf:1    | Reached skill level 10 in Dodging
 22412 | Elf:2    | Found Uvvoagog's Magic Scroll Boutique.
 22511 | Elf:2    | Found a runed gate.
 22511 | Elf:2    | Found a runed gate.
 22511 | Elf:2    | Found a runed gate.
 22619 | Elf:2    | Noticed a deep elf blademaster
 22648 | Elf:2    | Killed a deep elf blademaster
 22777 | Elf:2    | Reached XP level 18. HP: 156/156 MP: 25/25
 22919 | Elf:2    | Reached skill level 17 in Long Blades
 23065 | Elf:2    | Found Bymut's Assorted Antiques.
 23151 | Elf:2    | Found Yzijiof's Book Shoppe.
 23153 | Elf:2    | Found Gageuf's Antique Weapon Shoppe.
 23181 | Elf:2    | Found Nucyd's General Store.
 23191 | Elf:2    | Bought the cursed +0 pair of boots of Distant Shores {rN+ Str+2} for 202 gold pieces
 23231 | Elf:3    | Entered Level 3 of the Elven Halls
 23878 | Elf:3    | Noticed a Brimstone Fiend
 23900 | Elf:3    | Noticed a deep elf blademaster
 23900 | Elf:3    | Noticed a deep elf master archer
 23920 | Elf:3    | Killed a deep elf master archer
 24066 | Elf:3    | Noticed a deep elf master archer
 24086 | Elf:3    | Killed a deep elf master archer
 24097 | Elf:3    | Got a smoking silver ring
 24099 | Elf:3    | Identified the ring "Waodd" {Ice +Inv MR+ MP-9} (You took it off a deep elf master archer on level 3 of the Elven Halls)
 24246 | Elf:3    | Noticed a deep elf blademaster
 24278 | Elf:3    | Killed a deep elf blademaster
 24285 | Elf:3    | Killed a deep elf blademaster
 24294 | Elf:3    | Got a translucent golden ring
 24296 | Elf:3    | Identified the ring of Harheno {Wiz rPois MP+9 Int+3} (You took it off a deep elf blademaster on level 3 of the Elven Halls)
 24349 | Elf:3    | Identified Sif Muna's Papyrus of Igneous Contamination
 24379 | Elf:3    | Learned a level 1 spell: Apportation
 24398 | Elf:3    | Learned a level 6 spell: Statue Form
 24448 | Elf:3    | Reached XP level 19. HP: 165/165 MP: 26/26
 24474 | Elf:3    | Identified Cowunk's Handbook of Bewitching Feathers
 24869 | Swamp:1  | Entered Level 1 of the Swamp
 24979 | Swamp:1  | Found a sparkling altar of Nemelex Xobeh.
 25457 | Swamp:2  | Reached skill level 18 in Long Blades
 26568 | Swamp:4  | Entered Level 4 of the Swamp
 27111 | Swamp:4  | Noticed the 27-headed Lernaean hydra
 27219 | Swamp:4  | Got a decaying rune of Zot
 27265 | Swamp:4  | Killed the 21-headed Lernaean hydra
 27637 | Snake:1  | Entered Level 1 of the Snake Pit
 27721 | Snake:1  | Reached XP level 20. HP: 176/176 MP: 28/28
 27906 | Snake:1  | Learned a level 1 spell: Summon Butterflies
 28370 | Snake:1  | Reached skill level 15 in Invocations
 28699 | Snake:2  | Upgraded the game from 0.19.0 to 0.19.0-1-g5985abe
 28713 | Snake:2  | Reached skill level 19 in Long Blades
 29797 | Snake:4  | Entered Level 4 of the Snake Pit
 29837 | Snake:4  | Noticed Jorgrun
 29849 | Snake:4  | Killed Jorgrun
 30049 | Snake:4  | Noticed Vashnia
 30147 | Snake:4  | HP: 8/192 [nagaraja/spear (17)]
 30152 | Snake:4  | Killed from afar by a nagaraja

Skill      XL: |  1  2  3  4  5  6  7  8  9 10 11 12 13 14 15 16 17 18 19 20 |
---------------+-------------------------------------------------------------+-----
Shields        | 4 5 6 9 10 11 12 13 14 15 | 15.0
Armour         | 4 5 6 7 8 9 10 11 12 13 14 | 14.6
Long Blades    | 3 4 5 6 8 9 10 11 12 13 14 15 16 17 18 19 | 19.5
Fighting       | 4 5 6 7 8 9 10 11 12 13 14 | 14.8
Invocations    | 2 4 6 7 8 10 11 12 13 14 15 | 15.4
Dodging        | 1 3 4 5 6 7 8 9 10 11 12 | 12.4

Action                   |  1- 3 |  4- 6 |  7- 9 | 10-12 | 13-15 | 16-18 | 19-21 || total
-------------------------+-------+-------+-------+-------+-------+-------+-------++-------
Melee: Long sword        |    94 |   166 |   665 |   688 |    78 |       |       ||  1691
       Great sword       |       |       |       |       |   203 |       |       ||   203
       Scimitar          |       |       |       |       |  1021 |  1376 |  1234 ||  3631
       Staff             |       |       |       |       |     2 |       |       ||     2
Throw: Stone             |       |     2 |     3 |    87 |     4 |       |       ||    96
       Throwing net      |       |     1 |     1 |       |       |       |       ||     2
       Tomahawk          |       |       |       |       |     7 |       |     6 ||    13
Invok: Bend Time         |       |       |       |    14 |     8 |     2 |     5 ||    29
       Temporal Distorti |       |       |       |     1 |     2 |       |     2 ||     5
       Slouch            |       |       |       |     2 |       |     3 |     1 ||     6
       Step From Time    |       |       |       |       |       |       |     4 ||     4
 Abil: Dig               |     3 |     7 |    19 |    28 |    36 |    21 |    23 ||   137
       Shaft Self        |       |       |       |     7 |       |       |       ||     7
Evoke: Wand              |       |       |       |       |       |     2 |     3 ||     5
  Use: Potion            |       |     2 |     7 |     4 |     5 |       |     6 ||    24
       Scroll            |       |       |     6 |     6 |    12 |     3 |     9 ||    36
 Stab: Petrified         |       |       |       |       |     7 |       |       ||     7
       Confused          |       |       |       |       |       |       |     1 ||     1
       Distracted        |       |       |       |       |       |       |     1 ||     1
  Eat: Chunk             |       |     7 |    16 |    12 |    14 |     5 |     5 ||    59
       Fruit             |       |       |     1 |       |     2 |    10 |       ||    13
       Beef jerky        |       |       |     1 |     2 |     8 |     1 |     1 ||    13
       Pizza             |       |       |       |       |     4 |     1 |     1 ||     6
       Bread ration      |       |       |       |       |     3 |       |     2 ||     5
Armor: Scale mail        |    38 |    65 |   175 |    87 |   141 |    47 |       ||   553
       Plate armour      |       |       |    41 |    33 |       |    82 |   216 ||   372
Dodge: Dodged            |    34 |    42 |   192 |   135 |   439 |   466 |   761 ||  2069
Block: Shield            |    50 |    84 |   373 |       |    51 |       |       ||   558
       Large shield      |       |       |    18 |   696 |  1239 |  1290 |  1530 ||  4773
       Rpst.: Long sword |    13 |    14 |    40 |    27 |     6 |       |       ||   100
       Great sword       |       |       |       |       |    16 |       |       ||    16
       Scimitar          |       |       |       |       |    96 |   101 |   104 ||   301
